 Dungeon Crawl Stone Soup version 0.30-a0-696-g2367cd04db (webtiles) character file.

Game seed: 11082517320863341963

140 Dittersdorf the Trooper (level 5, -3/33 HPs)
             Began as a Gargoyle Fighter on Jan 20, 2023.
             Slain by Menkaure (19 damage)
             ... on level 4 of the Dungeon.
             The game lasted 00:05:24 (2229 turns).

Dittersdorf the Trooper (Gargoyle Fighter)          Turns: 2229, Time: 00:05:25

Health: -3/33      AC: 12    Str: 21    XL:     5   Next: 22%
Magic:  5/5        EV: 14    Int:  9    God:
Gold:   150        SH:  4    Dex:  9    Spells: 4/4 levels left

rFire   . . .      SeeInvis .    a - +0 flail
rCold   . . .      Faith    .    c - +0 buckler
rNeg    + . .      Spirit   .    b - +0 scale mail
rPois   ∞          Reflect  .    w - +0 helmet
rElec   +          Harm     .    (no cloak)
rCorr   .          Rampage  .    (no gloves)
Will    +....                    (no boots) Stlth
                                 g - amulet of the acrobat
HPRegen 0.25/turn                f - +5 ring of evasion
MPRegen 0.09/turn                m - ring of willpower

@: no status effects
A: sickness immunity, AC +4, negative energy resistance 1, electricity
resistance, torment resistance 1, petrification resistance
a: no special abilities


You were on level 4 of the Dungeon.
You visited 1 branch of the dungeon, and saw 4 of its levels.

You collected 150 gold pieces.

Inventory:

Hand Weapons
 a - a +0 flail (weapon)
Missiles
 r - 11 poisoned darts (quivered)
Armour
 b - a +0 scale mail (worn)
 c - a +0 buckler (worn)
 w - a +0 helmet (worn)
Jewellery
 f - a +5 ring of evasion (left hand)
 g - an amulet of the acrobat (around neck)
 j - a ring of positive energy
 m - a ring of willpower (right hand)
Wands
 u - a wand of iceblast (7)
Scrolls
 e - a scroll of fear {unknown}
 i - a scroll of poison {unknown}
 o - a scroll of enchant armour {unknown}
 p - 2 scrolls of teleportation
 q - 3 scrolls of amnesia {unknown}
 t - 2 scrolls of identify {unknown}
Potions
 d - a potion of might
 h - a potion of flight {unknown}
 k - 4 potions of curing {unknown}
 l - a potion of attraction {unknown}
 n - a potion of cancellation {unknown}
 s - a potion of heal wounds
 v - a potion of invisibility {unknown}
 x - a potion of brilliance {unknown}
 z - a potion of ambrosia {unknown}


   Skills:
 + Level 4.2 Fighting
 + Level 3.1 Maces & Flails
 + Level 4.1 Armour
 + Level 4.2 Shields


You had 4 spell levels left.
You didn't know any spells.
Your spell library contained the following spells:

 Spells                   Type           Power      Damage    Failure   Level
 Slow                     Hex            0%         N/A       80%         1
 Scorch                   Fire           0%         2d5       91%         2
 Confusing Touch          Hex            0%         N/A       99%         3
 Vampiric Draining        Necr           0%         2d6       99%         3
 Flame Wave               Conj/Fire      0%         2d4       100%        4
 Summon Cactus Giant      Summ           0%         N/A       100%        6


Dungeon Overview and Level Annotations

Branches:
Dungeon (4/15)
 Temple: D:4-7

Altars:

Shops:
D:1 ?(   D:3 *

Annotations:
D:4 Menkaure


Innate Abilities, Weirdness & Mutations

You are immune to sickness and miasma.
Your stone body is resilient. (AC +4)
You are immune to poison.
You resist negative energy. (rN+)
You are resistant to electric shocks. (rElec)
You are resistant to unholy torment.
You are immune to petrification.


Message History

You hit the endoplasm but do no damage. The endoplasm freezes you.
You are frozen.
The centaur shoots an arrow.
The arrow closely misses you.
The endoplasm hits you but does no damage.
You sock the endoplasm!
You kill the endoplasm!
The centaur shoots an arrow.
The arrow barely misses you.
A goblin comes into view. It is wielding a +0 dagger.
The centaur shoots an arrow.
The arrow barely misses you. The kobold closely misses you.
You hit the centaur but do no damage.
The centaur unwields a +0 shortbow.
The centaur misses you.
The centaur kicks you but does no damage.
The kobold hits you but does no damage.
The centaur hits you but does no damage.
The centaur barely misses you.
You barely miss the centaur. The centaur completely misses you.
The centaur kicks you but does no damage.
The kobold hits you but does no damage. Menkaure hits you!
The centaur hits you but does no damage.
The centaur misses you.
You hit the centaur.
The centaur is moderately wounded.
The centaur completely misses you. The centaur closely misses you.
The kobold barely misses you. Menkaure misses you.
You sock the centaur!
The centaur is severely wounded.
The centaur hits you but does no damage.
The centaur kicks you. You block Menkaure's attack.
An endoplasm comes into view.
You block the goblin's attack. You block the kobold's attack.
The centaur hits you but does no damage.
The centaur kicks you but does no damage.
Menkaure hits you but does no damage. The kobold barely misses you.
The goblin hits you but does no damage.
You hit the centaur but do no damage.
The centaur is heavily wounded.
The centaur hits you. The centaur kicks you. Menkaure hits you!!
Ouch! That really hurt!
You die...

.#..............
........##+#####
########......... .#.#.
##........ # #.#.#
#.######### # #.#.#.#
#.......... .#.#.#.#.#
#.......... .....JcK.##
##.........>
......M@..###...........
......g...).............
........................
.........<.######+##....
..........:# ....
...........# ....
...........# ....
............ #+#
.............


You could see Menkaure (fast), a centaur, an endoplasm, a goblin and a kobold.

Vanquished Creatures
  Jessica (D:2)
  2 adders (D:3)
  3 dart slugs
  An orc (D:3)
  7 bats
  9 endoplasms
  4 giant cockroaches
  5 goblins
  8 hobgoblins
  3 jackals (D:1)
  5 quokkas
  10 ball pythons
  4 frilled lizards
  11 kobolds
  13 rats
86 creatures vanquished.

Notes
Turn   | Place    | Note
-------+----------+-------------------------------------------
     0 | D:1      | Dittersdorf the Gargoyle Fighter began the quest for the
                  | Orb.
     0 | D:1      | Reached XP level 1. HP: 14/14 MP: 1/1
     9 | D:1      | Found Dahuqos's Magic Scroll Emporium.
    61 | D:1      | Reached XP level 2. HP: 19/19 MP: 2/2
   148 | D:1      | Found Nolynn's Weapon Boutique.
   317 | D:1      | Reached XP level 3. HP: 23/23 MP: 3/3
   734 | D:2      | Identified the +1 robe of Iqekk {rF+ rCorr}
   769 | D:2      | Reached XP level 4. HP: 13/29 MP: 4/4
   921 | D:2      | Noticed Jessica
   931 | D:2      | Killed Jessica
  1341 | D:3      | Reached XP level 5. HP: 26/33 MP: 5/5
  1629 | D:3      | Found Zaphoig's Assorted Antiques.
  2220 | D:4      | Noticed a centaur
  2220 | D:4      | Noticed Menkaure
  2229 | D:4      | Slain by Menkaure

Illustrated notes

Levels and vault maps discovered:
D:1:      dpeg_arrival_pond, layout_rooms, serial_shops,
          nicolae_shop_waterfront, nicolae_shop_waterfront, nrook_mini_vaults,
          minmay_misc_feat_alley, minmay_rat_gold_closets
D:2:      layout_rooms, uniq_jessica
D:3:      layout_loops_ring, serial_shops, nicolae_shop_hallway_plus,
          st_stairs_10
D:4:      layout_gridville, chequers_serial_rivers_micro_e, minmay_manual_maat,
          uniq_menkaure

Skill      XL: |  1  2  3  4 |
---------------+-------------+-----
Fighting       | 4 |  4.2
Armour         | 4 |  4.1
Shields        | 4 |  4.2
Maces & Flails | 3 |  3.1

Action                   |  1- 3 |  4- 6 || total
-------------------------+-------+-------++-------
Melee: Flail             |   135 |   146 ||   281
  Use: Scroll            |       |     1 ||     1
Armor: Scale mail        |    37 |    63 ||   100
Dodge: Dodged            |   130 |   144 ||   274
Block: Buckler           |    33 |    48 ||    81

Table legend: (Time is in decaauts)
 A = Elapsed time spent in this place.
 B = Non-inter-level travel time spent in this place.
 C = Inter-level travel time spent in this place.
 D = Time resting spent in this place.
 E = Time spent auto-exploring this place.
 F = Levels seen in this place.
 G = Mean time per level.
                   A        B        C        D        E       F      G
               +--------+--------+--------+--------+--------+-----+--------+
         Total |   2313 |   2230 |     83 |    103 |   1494 |   4 |  578.2 |
       Dungeon |   2313 |   2230 |     83 |    103 |   1494 |   4 |  578.2 |
               +--------+--------+--------+--------+--------+-----+--------+

Top non-repeatable levels by time:
     D:3: 866 daAuts
     D:1: 694 daAuts
     D:2: 555 daAuts
     D:4: 197 daAuts
